 Dungeon Crawl Stone Soup version 0.26-a0-818-g75db068ed4 (webtiles) character file.

Game seed: 12163975516391188911

2037 littlecub the Chiller (level 9, 0/54 HPs)
             Began as a Gargoyle Ice Elementalist on Nov 14, 2020.
             Was a Believer of Vehumet.
             Engulfed by a steam dragon's steam (12 damage)
             ... on level 8 of the Dungeon.
             The game lasted 00:20:27 (9702 turns).

littlecub the Chiller (Gargoyle Ice Elementalist)   Turns: 9702, Time: 00:20:28

Health: 0/54       AC:  9    Str: 12    XL:     9   Next: 24%
Magic:  13/18      EV: 11    Int: 19    God:    Vehumet [**....]
Gold:   480        SH:  0    Dex: 10    Spells: 11/20 levels left

rFire    . . .     SeeInvis .   p - +2 broad axe (vorpal)
rCold    . . .     Faith    .   (no shield)
rNeg     + . .     Spirit   .   q - +0 leather armour (curse)
rPois    ∞         Reflect  .   (no helmet)
rElec    +         Harm     .   (no cloak)
rCorr    .         Rampage  .   (no gloves)
MR       .....                  (no boots)
Stlth    ++........             (no amulet)
HPRegen  0.18/turn              (no ring)
MPRegen  0.16/turn              (no ring)

@: frozen ramparts
A: negative energy resistance 1, electricity resistance, unbreathing,
petrification resistance, rot immunity, AC +6
a: Renounce Religion


You were on level 8 of the Dungeon.
You worshipped Vehumet.
Vehumet was pleased with you.
You visited 1 branch of the dungeon, and saw 8 of its levels.

You collected 480 gold pieces.

Inventory:

Hand Weapons
 p - a +2 vorpal broad axe (weapon)
Missiles
 d - 247 stones
 k - 8 poisoned darts (quivered)
Armour
 a - a +0 robe
 q - a cursed +0 leather armour (worn)
Wands
 g - a wand of polymorph (6)
 o - a wand of iceblast (17)
Scrolls
 c - a scroll of enchant weapon
 f - a scroll of magic mapping {unknown}
 h - 4 scrolls of teleportation
 i - 3 scrolls of amnesia
 m - 3 scrolls of remove curse
 r - a scroll of silence {unknown}
Potions
 b - a potion of magic {unknown}
 e - 2 potions of resistance {unknown}
 j - a potion of might {unknown}
 l - a potion of haste {unknown}
 n - 2 potions of attraction {unknown}
 s - a potion of curing {unknown}
 t - a potion of lignification {unknown}
 u - a potion of brilliance {unknown}


   Skills:
 + Level 5.1 Fighting
 - Level 1.5 Dodging
 - Level 2.1 Stealth
 * Level 6.4 Spellcasting
 + Level 2.0 Conjurations
 * Level 3.9 Summonings
 * Level 7.9 Ice Magic


You had 11 spell levels left.
You knew the following spells:

 Your Spells              Type           Power        Failure   Level
a - Freeze                Ice            ####         1%          1
b - Frozen Ramparts       Ice            #####.       1%          3
c - Summon Ice Beast      Ice/Summ       ####....     12%         4
d - Magic Dart            Conj           ##..         6%          1

Your spell library contained the following spells:

 Spells                   Type           Power        Failure   Level
 Ozocubu's Armour         Ice            #####...     1%          3
 Hailstorm                Conj/Ice       ####....     17%         4


Dungeon Overview and Level Annotations

Branches:
Dungeon (8/15)             Temple (0/1) D:6
   Lair: D:8-11

Altars:
Ashenzari
Fedhas
Sif Muna
Vehumet
Zin

Shops:
D:8 (

Annotations:
D:4 Grinder
D:7 5 runed translucent doors


Innate Abilities, Weirdness & Mutations

You are resistant to torment.
Your stone body is resilient. (AC +6)
You are immune to poison.
You resist negative energy. (rN+)
You are resistant to electric shocks. (rElec)
You can survive without breathing.
You are immune to petrification.
You are immune to rotting.


Message History

Confirm with . or Enter, or press ? or * to list all spells.
Aiming: Magic Dart (safe; 6% risk of failure)
Press: ? - help, Shift-Dir - straight line, f/p - steam dragon
Aim: a steam dragon
Okay, then.
Unknown command.
Casting: Magic Dart (safe; 6% risk of failure)
Confirm with . or Enter, or press ? or * to list all spells.
The walls around you are covered in ice.
The wall freezes the steam dragon.
The steam dragon breathes steam at you. The ball of steam hits you.
You are engulfed in a cloud of scalding steam.
* * * LOW HITPOINT WARNING * * *
The wall freezes the two-headed ogre.
Things that are here:
a +0 hand axe; a +0 plate armour; an orc corpse You are engulfed in a cloud of scalding steam.
You are engulfed in a cloud of scalding steam.
You die...

###.....## #......#####........
...#....######.......## ##.......
....###.##.....#####..###........
.....##.##.....# ##............
.....##........# ###............
.....####......####..............
.....# ##..........#............
.....#####.....######............
........<..<(.§§@§§§OD...........
....######....§######....<....###
.....# #.....# #.........# .....#
####### #.........# .....#
########### .....# .....# ....##
...##


There were no monsters in sight!

Vanquished Creatures
  A black bear (D:7)
  An orc warrior (D:8)
  An ogre (D:7)
  3 centaurs
  4 bullfrogs
  4 scorpions
  3 killer bees (D:7)
  2 bullfrog zombies (D:5)
  2 centaur zombies (D:7)
  A jelly (D:5)
  A hound (D:3)
  4 orc priests
  5 orc wizards
  2 bullfrog skeletons
  2 iguanas (D:5)
  A worker ant (D:5)
  4 gnolls (D:3)
  9 adders
  A howler monkey skeleton (D:7)
  2 shadow imps
  2 white imps
  3 ufetubi
  3 oozes
  An adder zombie (D:8)
  An adder skeleton (D:7)
  2 worms
  A dart slug (D:5)
  4 leopard geckos
  13 orcs
  9 bats
  6 giant cockroaches
  2 hobgoblins
  14 jackals
  8 kobolds
  3 quokkas
  3 frilled lizards
  10 goblins
  A leopard gecko skeleton (D:5)
  6 rats
145 creatures vanquished.

Vanquished Creatures (collateral kills)
  An ice beast (D:7)
1 creature vanquished.

Vanquished Creatures (others)
  An adder (D:2)
1 creature vanquished.

Grand Total: 147 creatures vanquished

Notes
Turn   | Place    | Note
-------+----------+-------------------------------------------
     0 | D:1      | littlecub the Gargoyle Ice Elementalist began the quest for
                  | the Orb.
     0 | D:1      | Reached XP level 1. HP: 10/10 MP: 3/3
   418 | D:1      | Reached XP level 2. HP: 16/16 MP: 1/5
   962 | D:1      | Reached skill level 1 in Fighting
  1065 | D:1      | Reached XP level 3. HP: 20/20 MP: 3/6
  1349 | D:1      | Learned a level 3 spell: Frozen Ramparts
  1497 | D:2      | Found a faded altar of an unknown god.
  1907 | D:2      | Found a radiant altar of Vehumet.
  2497 | D:2      | HP: 1/20 [something (19)]
  2816 | D:2      | Became a worshipper of Vehumet
  2874 | D:2      | Found a broken altar of Ashenzari.
  2899 | D:2      | Found a shimmering blue altar of Sif Muna.
  3478 | D:3      | Reached XP level 4. HP: 23/25 MP: 5/8
  4071 | D:3      | Reached XP level 5. HP: 25/30 MP: 5/9
  4195 | D:3      | Reached skill level 5 in Ice Magic
  4464 | D:3      | Reached * piety under Vehumet
  4464 | D:3      | Offered knowledge of Sandblast by Vehumet.
  4465 | D:3      | Reached XP level 6. HP: 30/36 MP: 1/11
  4470 | D:3      | Learned a level 4 spell: Summon Ice Beast
  4755 | D:4      | Noticed Grinder
  4773 | D:5      | Entered Level 5 of the Dungeon
  5083 | D:5      | Found a glowing silver altar of Zin.
  5320 | D:5      | Reached skill level 1 in Summonings
  5808 | D:5      | You fall into a shaft and drop 2 floors!
  5841 | D:7      | Reached XP level 7. HP: 19/41 MP: 6/13
  6014 | D:7      | Reached skill level 6 in Ice Magic
  6038 | D:7      | Found a large runed translucent door.
  6038 | D:7      | Found a large runed translucent door.
  6113 | D:7      | Noticed a shadow
  6116 | D:7      | Noticed a yak
  6121 | D:7      | Found a large runed translucent door.
  6121 | D:7      | Found a large runed translucent door.
  6185 | D:7      | Reached skill level 5 in Spellcasting
  6659 | D:5      | Reached XP level 8. HP: 48/48 MP: 12/15
  7360 | D:5      | Reached skill level 7 in Ice Magic
  7510 | D:5      | Found a blossoming altar of Fedhas.
  7723 | D:6      | Found a staircase to the Ecumenical Temple.
  8136 | D:6      | Reached ** piety under Vehumet
  8136 | D:6      | Offered knowledge of Magic Dart by Vehumet.
  8150 | D:6      | Learned a level 1 spell: Magic Dart
  8832 | D:7      | Reached skill level 1 in Conjurations
  9118 | D:7      | Reached XP level 9. HP: 53/53 MP: 13/18
  9473 | D:7      | Found a runed translucent gate.
  9525 | D:8      | Reached skill level 5 in Fighting
  9659 | D:8      | Found Illefy's Weapon Shop.
  9664 | D:8      | Noticed a two-headed ogre
  9702 | D:8      | Engulfed by a steam dragon's steam

Illustrated notes

Levels and vault maps discovered:
D:1:      lightli_iron_boxes, layout_basic
D:2:      layout_loops_corners, fiery_altar_vehumet, lemuel_blue_sif_altar,
          overflow_temple_1_default, chequers_ecumenical_altar_simple
D:3:      layout_basic
D:4:      layout_loops_cross, nicolae_overflow_hidden_temple, feat_on_display,
          uniq_grinder
D:5:      layout_cave_pods, kennysheep_mini_moat, basic_altar
D:6:      layout_rooms, minmay_temple_entry_large_hall
D:7:      layout_basic, biasface_ghost_orc_armoury,
          minmay_hollow_rounded_squares
D:8:      layout_rooms, serial_shops, nicolae_shop_statue_plus,
          yredelemnul_altar_generic

Skill      XL: |  1  2  3  4  5  6  7  8  9 |
---------------+----------------------------+-----
Fighting       | 1 2 3 4 5 |  5.1
Spellcasting   | 3 4 5 6 |  6.4
Ice Magic      | 5 6 7 |  7.9
Summonings     | 1 2 3 |  3.9
Conjurations   | 1 2 |  2.0
Dodging        | |  1.5
Stealth        | |  2.1

Action                   |  1- 3 |  4- 6 |  7- 9 || total
-------------------------+-------+-------+-------++-------
Melee: Unarmed           |     2 |       |       ||     2
       Dagger            |    12 |       |       ||    12
       Spear             |    25 |    85 |    48 ||   158
       Broad axe         |       |       |    45 ||    45
Throw: Boomerang         |     2 |       |       ||     2
       Dart              |     2 |    21 |    55 ||    78
       Stone             |     2 |       |       ||     2
 Cast: Freeze            |    53 |    50 |    22 ||   125
       Frozen Ramparts   |     2 |    20 |    25 ||    47
       Magic Dart        |       |       |    50 ||    50
       Summon Ice Beast  |       |       |     4 ||     4
Evoke: Wand              |       |       |     1 ||     1
  Use: Scroll            |     3 |     1 |     2 ||     6
 Stab: Sleeping          |     6 |     1 |     2 ||     9
Armor: Robe              |    25 |    39 |    25 ||    89
       Leather armour    |       |       |    31 ||    31
Dodge: Dodged            |    60 |    74 |    86 ||   220

Table legend: (Time is in decaauts)
 A = Elapsed time spent in this place.
 B = Non-inter-level travel time spent in this place.
 C = Inter-level travel time spent in this place.
 D = Time resting spent in this place.
 E = Time spent auto-exploring this place.
 F = Levels seen in this place.
 G = Mean time per level.
                   A        B        C        D        E       F      G
               +--------+--------+--------+--------+--------+-----+--------+
         Total |   9749 |   9513 |    236 |   1956 |   6138 |   8 | 1218.6 |
       Dungeon |   9749 |   9513 |    236 |   1956 |   6138 |   8 | 1218.6 |
               +--------+--------+--------+--------+--------+-----+--------+

Top non-repeatable levels by time:
     D:5: 2325 daAuts
     D:2: 1926 daAuts
     D:1: 1496 daAuts
     D:7: 1447 daAuts
     D:3: 1282 daAuts
     D:6: 825 daAuts
     D:8: 373 daAuts
     D:4: 70 daAuts
